[Event "XXXIX Benasque Open 2019"]
[Site "Benasque"]
[Date "2019.07.12"]
[Round "9.4"]
[White "Cruz, Cristhian"]
[Black "Ter-Sahakyan, Samvel"]
[Result "0-1"]
[ECO "E47"]
[WhiteElo "2562"]
[BlackElo "2625"]
[Annotator "ChessBase"]
[PlyCount "108"]
[EventDate "2019.07.04"]
[EventType "swiss"]
[EventCountry "ESP"]
[SourceTitle "playchess.com"]
[Source "ChessBase"]
[SourceQuality "1"]
[TimeControl "5400+30"]

1. d4 Nf6 2. c4 e6 3. Nc3 Bb4 4. e3 O-O 5. Bd3 b6 6. Nge2 d5 7. cxd5 exd5 8. a3 Bd6 9. b4 Bb7 10. O-O Nbd7 11. Rb1 Re8 12. f3 Nf8 13. Nb5 Be7 14. Kh1 a6 15. Nbc3 Bd6 16. Bd2 Ng6 17. Ng3 Bc8 18. Nf5 Bxf5 19. Bxf5 c5 20. bxc5 bxc5 21. Qb3 cxd4 22. exd4 Bf4 23. Qc2 Qd6 24. Bxf4 Nxf4 25. Rb3 g6 26. Bd3 Rab8 27. Rxb8 Rxb8 28. Ne2 Nxe2 29. Qxe2 Qxa3 30. Bxa6 Rb2 31. Qd3 Qxd3 32. Bxd3 Rd2 33. Bb5 Rxd4 34. Rc1 Rd2 35. Bf1 h5 36. Rc8+ Kg7 37. Rd8 h4 38. Kg1 Nh5 39. Rd6 Nf4 40. g3 hxg3 41. hxg3 Nh5 42. Bc4 d4 43. Rd7 Nxg3 44. Bxf7 Kf6 45. Bc4 g5 46. Rd5 Nf5 47. Bb5 Ne3 48. Rd8 Ke5 49. Rf8 d3 50. Kh1 Rd1+ 51. Kh2 d2 52. Re8+ Kf4 53. Rf8+ Nf5 54. Rd8 Rb1 0-1

[Event "XXXIX Benasque Open 2019"]
[Site "Benasque"]
[Date "2019.07.12"]
[Round "9.5"]
[White "Markus, Robert"]
[Black "Sosa, Tomas"]
[Result "1-0"]
[ECO "E15"]
[WhiteElo "2595"]
[BlackElo "2516"]
[Annotator "ChessBase"]
[PlyCount "111"]
[EventDate "2019.07.04"]
[EventType "swiss"]
[EventCountry "ESP"]
[SourceTitle "playchess.com"]
[Source "ChessBase"]
[SourceQuality "1"]
[TimeControl "5400+30"]

1. d4 Nf6 2. c4 e6 3. Nf3 b6 4. g3 Bb7 5. Bg2 g6 6. O-O Bg7 7. Bf4 O-O 8. Qc2 Nh5 9. Bg5 f6 10. Bd2 f5 11. Nc3 Nf6 12. Rad1 Re8 13. b4 Ne4 14. Ne5 Nxc3 15. Bxc3 Bxg2 16. Kxg2 d6 17. Nd3 Qd7 18. b5 c6 19. Qb3 a6 20. a4 Ra7 21. Kg1 cxb5 22. cxb5 Rc8 23. Rc1 Rac7 24. bxa6 Ra7 25. Qxb6 Rxa6 26. Qb3 Re8 27. a5 Qa7 28. e3 Nc6 29. Nb4 Nxb4 30. Bxb4 d5 31. Bc5 Qd7 32. Bb6 Rb8 33. Qd3 Raxb6 34. axb6 Rxb6 35. Rb1 Rc6 36. Rfc1 Bf8 37. Kg2 Rxc1 38. Rxc1 Kf7 39. Qa6 Be7 40. Qa8 Bd8 41. Rb1 Kf6 42. Rb7 Qd6 43. Rxh7 g5 44. Qc8 Qf8 45. Rd7 Be7 46. Qc7 g4 47. Rxe7 Qxe7 48. Qxe7+ Kxe7 49. h4 gxh3+ 50. Kxh3 Kf6 51. Kh4 Kg6 52. f3 Kf6 53. Kh5 e5 54. dxe5+ Kxe5 55. Kg5 Ke6 56. f4 1-0

[Event "XXXIX Benasque Open 2019"]
[Site "Benasque"]
[Date "2019.07.12"]
[Round "9.6"]
[White "Piorun, Kacper"]
[Black "Jansa, Vlastimil"]
[Result "1-0"]
[ECO "B26"]
[WhiteElo "2656"]
[BlackElo "2457"]
[Annotator "ChessBase"]
[PlyCount "87"]
[EventDate "2019.07.04"]
[EventType "swiss"]
[EventCountry "ESP"]
[SourceTitle "playchess.com"]
[Source "ChessBase"]
[SourceQuality "1"]
[TimeControl "5400+30"]

1. g3 g6 2. Bg2 Bg7 3. e4 c5 4. Nc3 Nc6 5. d3 d6 6. Be3 e5 7. Nh3 Nge7 8. O-O O-O 9. f4 Nd4 10. Qd2 Bg4 11. Kh1 Qd7 12. Ng1 Rae8 13. Rae1 b6 14. Nd1 Be6 15. c3 Ndc6 16. Nf3 d5 17. exd5 Nxd5 18. Ng5 exf4 19. gxf4 Bf5 20. Ne4 Re7 21. Bf2 Rfe8 22. Bh4 Re6 23. a3 Nf6 24. Nxf6+ Bxf6 25. Bxf6 Rxf6 26. Ne3 Ne7 27. d4 cxd4 28. cxd4 Rd8 29. d5 Bh3 30. f5 Bxg2+ 31. Qxg2 Nxd5 32. Ng4 Rd6 33. Ne5 Qe8 34. Nxg6 hxg6 35. Rxe8+ Rxe8 36. Qf3 Nf6 37. Qf4 Red8 38. Qh6 Nd7 39. fxg6 fxg6 40. Re1 Nf8 41. Qe3 R8d7 42. Rf1 Kg7 43. Qe5+ Kg8 44. Qe8 1-0

[Event "XXXIX Benasque Open 2019"]
[Site "Benasque"]
[Date "2019.07.12"]
[Round "9.7"]
[White "Gines Esteo, Pedro Antonio"]
[Black "Banusz, Tamas"]
[Result "0-1"]
[ECO "D12"]
[WhiteElo "2404"]
[BlackElo "2626"]
[Annotator "ChessBase"]
[PlyCount "66"]
[EventDate "2019.07.04"]
[EventType "swiss"]
[EventCountry "ESP"]
[SourceTitle "playchess.com"]
[Source "ChessBase"]
[SourceQuality "1"]
[TimeControl "5400+30"]

1. d4 d5 2. Nf3 Nf6 3. c4 c6 4. e3 Bf5 5. Nc3 e6 6. Nh4 Bg6 7. Qb3 Qc7 8. Nxg6 hxg6 9. g3 Nbd7 10. Bg2 Be7 11. O-O O-O 12. cxd5 exd5 13. f3 Qb6 14. Qc2 Rfd8 15. Bd2 c5 16. Be1 cxd4 17. Na4 Qa6 18. exd4 Rac8 19. Nc3 Nb6 20. Rf2 Nc4 21. Qe2 Re8 22. b3 Bb4 23. Qf1 Rxe1 24. Rxe1 Bxc3 25. bxc4 Bxd4 26. Kh1 Bxf2 27. Qxf2 dxc4 28. f4 c3 29. Qc2 b5 30. Bh3 Qc6+ 31. Kg1 Rd8 32. Rc1 Rd2 33. Qxc3 Rd1+ 0-1

[Event "XXXIX Benasque Open 2019"]
[Site "Benasque"]
[Date "2019.07.12"]
[Round "9.8"]
[White "Deac, Bogdan-Daniel"]
[Black "Raja Harshit"]
[Result "1-0"]
[ECO "E06"]
[WhiteElo "2621"]
[BlackElo "2434"]
[Annotator "ChessBase"]
[PlyCount "105"]
[EventDate "2019.07.04"]
[EventType "swiss"]
[EventCountry "ESP"]
[SourceTitle "playchess.com"]
[Source "ChessBase"]
[SourceQuality "1"]
[TimeControl "5400+30"]

1. d4 Nf6 2. c4 e6 3. g3 d5 4. Bg2 Be7 5. Nf3 O-O 6. O-O dxc4 7. Qc2 a6 8. a4 Bd7 9. Qxc4 Bc6 10. Bg5 Bd5 11. Qc2 Be4 12. Qc1 h6 13. Bxf6 Bxf6 14. Nbd2 Bxf3 15. Nxf3 a5 16. Qc3 c6 17. Rad1 Nd7 18. Qc2 Qb6 19. Nd2 Rfd8 20. e3 Rac8 21. Nc4 Qc7 22. f4 Nb6 23. Nxa5 Nd5 24. Bxd5 cxd5 25. Qxc7 Rxc7 26. Rc1 Rdc8 27. Nb3 Rc4 28. Nc5 Rb4 29. Nd3 Rxc1 30. Rxc1 Rxa4 31. Rc8+ Kh7 32. Rc7 Ra1+ 33. Kg2 b6 34. Rxf7 Rd1 35. Nf2 Rb1 36. Rc7 Rxb2 37. Rc6 b5 38. Rxe6 b4 39. Rb6 h5 40. Rb5 Rb3 41. Rxd5 Rxe3 42. Rxh5+ Kg6 43. Rb5 Be7 44. Ng4 Rc3 45. Rb7 Bf8 46. Ne5+ Kh7 47. Nd7 Be7 48. Nc5 Bxc5 49. dxc5 Rxc5 50. Rxb4 g6 51. h4 Kh6 52. Kh3 Ra5 53. Kg4 1-0

[Event "XXXIX Benasque Open 2019"]
[Site "Benasque"]
[Date "2019.07.12"]
[Round "9.9"]
[White "Martinez Alcantara, Jose Eduardo"]
[Black "Campora, Daniel H."]
[Result "1-0"]
[ECO "C65"]
[WhiteElo "2601"]
[BlackElo "2420"]
[Annotator "ChessBase"]
[PlyCount "155"]
[EventDate "2019.07.04"]
[EventType "swiss"]
[EventCountry "ESP"]
[SourceTitle "playchess.com"]
[Source "ChessBase"]
[SourceQuality "1"]
[TimeControl "5400+30"]

1. e4 e5 2. Nf3 Nc6 3. Bb5 Nf6 4. d3 d6 5. O-O Be7 6. c3 O-O 7. Nbd2 Nb8 8. d4 Nbd7 9. Bd3 Re8 10. Re1 Bf8 11. h3 g6 12. Qc2 Bg7 13. a4 a5 14. dxe5 Nxe5 15. Nxe5 Rxe5 16. Nf3 Re8 17. Bf4 Nd7 18. Rad1 Ne5 19. Bxe5 Bxe5 20. Bb5 c6 21. Nxe5 Rxe5 22. Bf1 Re7 23. Qd2 Be6 24. c4 Rd7 25. f4 Qb6+ 26. Kh1 d5 27. cxd5 cxd5 28. Bb5 Rdd8 29. e5 d4 30. Qf2 Rac8 31. g4 Bc4 32. f5 Bxb5 33. axb5 Qxb5 34. e6 Qd5+ 35. Kg1 fxe6 36. fxg6 Rc7 37. Qf4 Qd6 38. gxh7+ Rxh7 39. Re5 Rf7 40. Qg5+ Rg7 41. Qf6 d3 42. Rxd3 Qxd3 43. Qxe6+ Rf7 44. Rg5+ Kf8 45. Qh6+ Ke8 46. Re5+ Re7 47. Qh5+ Kf8 48. Rf5+ Kg8 49. Qg6+ Rg7 50. Qe6+ Kh8 51. Rh5+ Qh7 52. Rxh7+ Kxh7 53. Qf5+ Kh8 54. Qxa5 Rgd7 55. Kg2 Rd5 56. Qb6 R8d7 57. Qh6+ Kg8 58. Qg6+ Kh8 59. h4 R5d6 60. Qe8+ Kg7 61. Qe5+ Kf7 62. h5 Rd3 63. Qf5+ Kg7 64. Qg6+ Kh8 65. g5 R3d6 66. Qe8+ Kg7 67. Qe5+ Kh7 68. Qf5+ Kg8 69. Qc5 Rd5 70. Qe3 Rd2+ 71. Kf1 Rf7+ 72. Kg1 Rfd7 73. Qe8+ Kh7 74. Qg6+ Kh8 75. h6 b5 76. Qf6+ Kg8 77. g6 Rd1+ 78. Kf2 1-0

[Event "XXXIX Benasque Open 2019"]
[Site "Benasque"]
[Date "2019.07.12"]
[Round "9.10"]
[White "Rychagov, Andrey"]
[Black "Plazuelo Pascual, Juan"]
[Result "1-0"]
[ECO "A40"]
[WhiteElo "2537"]
[BlackElo "2403"]
[Annotator "ChessBase"]
[PlyCount "91"]
[EventDate "2019.07.04"]
[EventType "swiss"]
[EventCountry "ESP"]
[SourceTitle "playchess.com"]
[Source "ChessBase"]
[SourceQuality "1"]
[TimeControl "5400+30"]

1. d4 e6 2. c4 b6 3. a3 Bb7 4. Nc3 f5 5. Nf3 Nf6 6. e3 Be7 7. Bd3 O-O 8. O-O Ne4 9. Ne2 Bf6 10. b4 d6 11. Bb2 Nd7 12. Qc2 g6 13. Nf4 Re8 14. d5 e5 15. Ne6 Rxe6 16. dxe6 Nf8 17. Nd2 Nxd2 18. Qxd2 Nxe6 19. f4 Qe7 20. Rad1 Re8 21. fxe5 Bxe5 22. Bxe5 dxe5 23. c5 Rd8 24. Qb2 Qg5 25. Bc4 Re8 26. Kh1 Kf7 27. Rd7+ Re7 28. Rxe7+ Kxe7 29. Qa2 Nd8 30. Qd2 Qg4 31. Bd5 Bxd5 32. Qxd5 Ne6 33. cxb6 axb6 34. Qxe5 Qc4 35. Kg1 Qb3 36. Rc1 c5 37. bxc5 bxc5 38. h3 c4 39. Qc3 Kd6 40. Qd2+ Ke5 41. Rc3 Qb1+ 42. Kh2 Qe4 43. Qb2 Kd5 44. Qb8 h5 45. a4 Ng5 46. Qb5+ 1-0

[Event "XXXIX Benasque Open 2019"]
[Site "Benasque"]
[Date "2019.07.13"]
[Round "10.7"]
[White "Narciso Dublan, Marc"]
[Black "Deac, Bogdan-Daniel"]
[Result "1/2-1/2"]
[ECO "A45"]
[WhiteElo "2489"]
[BlackElo "2621"]
[Annotator "RC"]
[PlyCount "80"]
[EventDate "2019.07.04"]
[EventType "swiss"]
[EventCountry "ESP"]
[SourceTitle "playchess.com"]
[Source "ChessBase"]
[SourceQuality "1"]
[TimeControl "5400+30"]

1. d4 Nf6 2. Bg5 d5 3. e3 c5 4. Bxf6 gxf6 5. dxc5 e6 6. Nf3 Bxc5 7. Be2 Qb6 8. Qc1 Nc6 9. O-O Bd7 10. a3 Be7 11. b4 a5 12. b5 Ne5 13. Nxe5 fxe5 14. c4 d4 15. exd4 exd4 16. Nd2 Rc8 17. Nf3 Bf6 18. Bd3 h6 19. Re1 Qd6 20. Nd2 Qf4 21. Ne4 Be5 22. Qxf4 Bxf4 23. Nf6+ Kd8 24. Re4 Bg5 25. Nxd7 Kxd7 26. Rxd4+ Ke7 27. Rd1 Bf6 28. Rf4 Rhd8 29. Kf1 a4 30. Bc2 Rxd1+ 31. Bxd1 Bb2 32. Bxa4 Bxa3 33. Rh4 Kf8 34. Bd1 b6 35. Bf3 Be7 36. Rd4 Rd8 37. Rxd8+ Bxd8 38. Bh5 Be7 39. f4 f5 40. Ke2 Kg7 1/2-1/2